 Dungeon Crawl Stone Soup version 0.30-a0-364-gf6b3ef1049 (webtiles) character file.

Game seed: 3535286092563383414

444 Lobster4 the Conjurer (level 6, 0/51 HPs)
             Began as a Draconian Conjurer on Nov 16, 2022.
             Slain by a gnoll sergeant
             ... wielding a +4 trident of protection
              (1 damage)
             ... on level 5 of the Dungeon.
             The game lasted 00:11:26 (5436 turns).

Lobster4 the Conjurer (Draconian Conjurer)          Turns: 5436, Time: 00:11:27

Health: 0/51       AC:  8    Str: 21    XL:     6   Next: 72%
Magic:  11/11      EV: 12    Int: 20    God:
Gold:   168        SH:  0    Dex: 10    Spells: 9/12 levels left

rFire   . . .      SeeInvis .    o - +0 mace
rCold   . . .      Faith    .    (no shield)
rNeg    . . .      Spirit   .    (body armour unavailable)
rPois   .          Reflect  .    (helmet restricted)
rElec   .          Harm     .    (no cloak)
rCorr   .          Rampage  .    C - +1 pair of gloves
Will    .....                    (no boots)
Stlth   ++........               (no amulet)
HPRegen 0.28/turn                q - +6 ring of strength
MPRegen 0.12/turn                y - +6 ring of strength

@: about to teleport
A: AC +6, unfitting armour, cold-blooded
a: no special abilities


You were on level 5 of the Dungeon.
You visited 1 branch of the dungeon, and saw 5 of its levels.

You collected 231 gold pieces.
You spent 63 gold pieces at shops.

Inventory:

Hand Weapons
 b - a +0 sling
 f - a +0 whip
 o - a +0 mace (weapon)
 x - a +0 short sword
 z - a +2 spear of venom
 A - a +0 war axe of flaming
 B - a +2 spear of flaming
Missiles
 d - 47 stones
 t - 2 javelins
 u - 3 throwing nets
 v - 6 poisoned darts
Armour
 C - a +1 pair of gloves (worn)
Jewellery
 j - a ring of see invisible
 q - a +6 ring of strength (left hand)
 y - a +6 ring of strength (right hand)
Scrolls
 c - a scroll of identify
 e - 2 scrolls of teleportation
 k - 2 scrolls of fog {unknown}
 l - a scroll of magic mapping {unknown}
 n - a scroll of enchant armour
 s - a scroll of noise {unknown}
Potions
 a - a potion of magic
 g - 2 potions of curing {unknown}
 h - a potion of haste
 i - 3 potions of lignification {unknown}
 m - a potion of cancellation
 r - a potion of brilliance
 w - a potion of flight


   Skills:
 + Level 3.4 Fighting
 - Level 1.0 Throwing
 + Level 3.4 Dodging
 - Level 2.0 Stealth
 + Level 3.6 Spellcasting
 + Level 5.2 Conjurations


You had 9 spell levels left.
You knew the following spells:

 Your Spells              Type           Power      Damage    Failure   Level
a - Magic Dart            Conj           96%        1d7       1%          1
b - Searing Ray           Conj           48%        2d6       2%          2

Your spell library contained the following spells:

 Spells                   Type           Power      Damage    Failure   Level
 Dazzling Flash           Conj/Hex       28%        N/A       14%         3
 Ozocubu's Armour         Ice            3%         N/A       38%         3
 Fulminant Prism          Conj/Hex       7%         3d6       41%         4
 Iskenderun's Mystic Bla  Conj/Tloc      14%        2d5       41%         4
 Metabolic Englaciation   Hex/Ice        1%         N/A       98%         5
 Simulacrum               Ice/Necr       1%         N/A       100%        6


Dungeon Overview and Level Annotations

Branches:
Dungeon (5/15)
 Temple: D:4-7

Altars:
Dithmenos
The Shining One

Shops:
D:1 (   D:4 [

Annotations:
D:4 Blork the orc


Innate Abilities, Weirdness & Mutations

Your plain brown scales are hard. (AC +6)
You cannot fit into any form of body armour.
You are cold-blooded and may be slowed by cold attacks.


Message History

You see here a throwing net.
You struggle against the net.
The gnoll sergeant hits you from afar with a +4 trident of protection!
An adder comes into view.
You tear a large gash into the net.
The gnoll hits you from afar with a +0 halberd!
The gnoll sergeant hits you from afar with a +4 trident of protection.
The gnoll barely misses you.
You struggle against the net.
The gnoll sergeant hits you from afar with a +4 trident of protection!
The gnoll hits you from afar with a +0 halberd.
* * * LOW HITPOINT WARNING * * *
The gnoll hits you from afar with a +0 halberd.
* * * LOW HITPOINT WARNING * * *
Okay, then.
Okay, then.
You feel much better.
The gnoll sergeant hits you from afar with a +4 trident of protection!
The gnoll barely misses you.
The gnoll hits you from afar with a +0 halberd!
You rip the net and break free!
The adder hisses angrily.
The gnoll sergeant hits you from afar with a +4 trident of protection!
* * * LOW HITPOINT WARNING * * *
The gnoll hits you from afar with a +0 halberd.
* * * LOW HITPOINT WARNING * * *
The gnoll hits you from afar with a +0 halberd!
* * * LOW HITPOINT WARNING * * *
Okay, then.
As you read the scroll labelled ABRUKK REMP, it crumbles to dust.
It is a scroll of enchant armour.
Your +0 pair of gloves glows green for a moment.
The gnoll sergeant closely misses you.
The gnoll hits you from afar with a +0 halberd.
* * * LOW HITPOINT WARNING * * *
The gnoll throws a throwing net.
The throwing net closely misses you.
As you read the scroll labelled EMNUIC ARIVVOA, it crumbles to dust.
You feel strangely unstable.
It was a scroll of teleportation.
The gnoll sergeant hits you from afar with a +4 trident of protection.
You die...

## ..# #.#
#..##.#
###...#.#
.......#
#.....# #...S.#
###ggg# #....<#
#.#.@##
#.........#
#..........#
.......#.....
..##.....######
. #(....#
#...### ####


You could see a gnoll sergeant, 2 gnolls and an adder.

Vanquished Creatures
  An ogre (D:4)
  A scorpion (D:4)
  2 hounds (D:4)
  An orc priest (D:4)
  5 adders
  5 gnolls
  An ufetubus (D:5)
  2 worms
  5 dart slugs
  7 orcs
  7 ball pythons
  3 bats
  7 endoplasms
  2 giant cockroaches (D:1)
  11 goblins
  6 hobgoblins
  3 jackals (D:4)
  5 quokkas
  A frilled lizard (D:2)
  15 kobolds
  15 rats
105 creatures vanquished.

Notes
Turn   | Place    | Note
-------+----------+-------------------------------------------
     0 | D:1      | Lobster4 the Draconian Conjurer began the quest for the
                  | Orb.
     0 | D:1      | Reached XP level 1. HP: 14/14 MP: 3/3
   264 | D:1      | Reached XP level 2. HP: 22/22 MP: 1/5
   530 | D:1      | Reached skill level 1 in Fighting
   708 | D:1      | Found Osypyebu's Weapon Shop.
   810 | D:1      | Reached XP level 3. HP: 28/28 MP: 2/6
  1587 | D:2      | Learned a level 2 spell: Searing Ray
  1881 | D:2      | Reached XP level 4. HP: 35/35 MP: 4/7
  3861 | D:4      | Reached XP level 5. HP: 41/41 MP: 5/9
  4271 | D:4      | Reached skill level 1 in Throwing
  4385 | D:3      | Reached XP level 6. HP: 50/50 MP: 1/10
  4482 | D:4      | Reached skill level 5 in Conjurations
  4608 | D:4      | Noticed Blork the orc
  4801 | D:4      | Found Equapar Kiga's Armour Boutique.
  4809 | D:4      | Bought a +0 pair of gloves for 63 gold pieces
  4841 | D:4      | Found a shadowy altar of Dithmenos.
  4841 | D:4      | Found a glowing golden altar of the Shining One.
  5291 | D:5      | Entered Level 5 of the Dungeon
  5433 | D:5      | HP: 2/51 [gnoll/+0 halberd[a gnoll sergeant] (9)]
  5436 | D:5      | Slain by a gnoll sergeant

Illustrated notes

Levels and vault maps discovered:
D:1:      amcnicky_arrival_single_pillar, layout_basic, serial_shops,
          nicolae_shop_bloodbath_and_beyond, minmay_rat_gold_closets
D:2:      layout_rooms
D:3:      layout_basic
D:4:      layout_cave_pools, gammafunk_temple_overflow_wave, serial_shops, shop,
          uniq_blork_the_orc
D:5:      layout_basic

Skill      XL: |  1  2  3  4  5  6 |
---------------+-------------------+-----
Stealth        | 2 |  2.0
Dodging        | 2 3 |  3.4
Fighting       | 1 2 3 |  3.4
Spellcasting   | 3 |  3.6
Throwing       | 1 |  1.0
Conjurations   | 5 |  5.2

Action                   |  1- 3 |  4- 6 || total
-------------------------+-------+-------++-------
Melee: Unarmed           |     9 |       ||     9
       Tailslap          |     3 |     2 ||     5
       Mace              |       |    16 ||    16
 Cast: Magic Dart        |    81 |    97 ||   178
       Searing Ray       |     2 |    25 ||    27
  Use: Scroll            |       |     8 ||     8
       Potion            |       |     1 ||     1
Armor: Skin              |     2 |     6 ||     8
Dodge: Dodged            |    10 |    30 ||    40

Table legend: (Time is in decaauts)
 A = Elapsed time spent in this place.
 B = Non-inter-level travel time spent in this place.
 C = Inter-level travel time spent in this place.
 D = Time resting spent in this place.
 E = Time spent auto-exploring this place.
 F = Levels seen in this place.
 G = Mean time per level.
                   A        B        C        D        E       F      G
               +--------+--------+--------+--------+--------+-----+--------+
         Total |   5444 |   4952 |    492 |    556 |   3766 |   5 | 1088.8 |
       Dungeon |   5444 |   4952 |    492 |    556 |   3766 |   5 | 1088.8 |
               +--------+--------+--------+--------+--------+-----+--------+

Top non-repeatable levels by time:
     D:3: 1847 daAuts
     D:1: 1583 daAuts
     D:4: 1177 daAuts
     D:2: 743 daAuts
     D:5: 92 daAuts
